 Dungeon Crawl Stone Soup version 0.22-a0-880-gb7b0c8b (webtiles) character file.

22 wissler1 the Skirmisher (level 2, 0/24 HPs)
             Began as a Demonspawn Berserker on July 31, 2018.
             Was a Follower of Trog.
             Slain by an adder (2 damage)
             ... on level 2 of the Dungeon.
             The game lasted 00:04:33 (634 turns).

wissler1 the Skirmisher (Demonspawn Berserker)       Turns: 634, Time: 00:04:34

Health: 0/24       AC:  4    Str: 17    XL:     2   Next: 68%
Magic:  0/2        EV: 12    Int:  8    God:    Trog [*.....]
Gold:   22         SH:  0    Dex: 12    Spells: 1/1 levels left

rFire    . . .     SeeInvis .   a - +0 hand axe
rCold    . . .     Gourm    .   (no shield)
rNeg     . . .     Faith    .   d - +0 leather armour
rPois    .         Spirit   +   (no helmet)
rElec    .         Reflect  .   (no cloak)
rCorr    .         Harm     .   (no gloves)
MR       .....                  i - +0 pair of boots
Stlth    +.........             (no amulet)
HPRegen  0.08/turn              (no ring)
MPRegen  0.08/turn              (no ring)

@: lethally poisoned (0 -> -4)
A: magic shield
a: Berserk, Renounce Religion


You were on level 2 of the Dungeon.
You worshipped Trog.
Trog was aware of your devotion.
You were not hungry.

You visited 1 branch of the dungeon, and saw 2 of its levels.

You collected 22 gold pieces.

Inventory:

Hand Weapons
 a - a +0 hand axe (weapon)
 h - a +0 club
Armour
 b - a +0 animal skin
 d - a +0 leather armour (worn)
 i - a +0 pair of boots (worn)
Scrolls
 e - a scroll of enchant armour {unknown}
 f - a scroll of identify {unknown}
Potions
 g - 2 potions of curing {unknown}
Comestibles
 c - 3 rations


   Skills:
 + Level 3.5 Fighting
 + Level 3.0 Axes
 + Level 1.8 Armour
 + Level 2.0 Dodging


You had one spell level left.
You didn't know any spells.
Your spell library was empty.

Dungeon Overview and Level Annotations

Branches:
Dungeon (2/15)

Altars:
Xom


Innate Abilities, Weirdness & Mutations

When hurt, damage is shared between your health and your magic reserves.


Message History

You closely miss the adder.
The adder is severely wounded.
The adder bites you.
* * * LOW HITPOINT WARNING * * *
You closely miss the adder.
The adder is severely wounded.
* * * LOW HITPOINT WARNING * * *
You feel sick. The adder bites you.
* * * LOW HITPOINT WARNING * * *
The adder closely misses you.
You closely miss the adder.
The adder is severely wounded.
The adder barely misses you.
You closely miss the adder.
The adder is severely wounded.
The adder bites you but does no damage. The adder closely misses you.
You miss the adder.
The adder is severely wounded.
The adder bites you.
You die...

......# #.....#
#.....# #.....#
######.%...##
............+
#######g#####
#S# #@### #...#
#.#.#
#.#+######
####.........
#............
##.##.........
#...†.........
#...##†........


You could see an adder and a hobgoblin.

Vanquished Creatures
  A giant cockroach (D:2)
  3 goblins (D:1)
  5 hobgoblins
  2 kobolds (D:1)
  A quokka (D:2)
  4 bats (D:1)
  2 frilled lizards (D:2)
  A rat (D:1)
19 creatures vanquished.

Notes
Turn   | Place    | Note
-------+----------+-------------------------------------------
     0 | D:1      | wissler1 the Demonspawn Berserker began the quest for the Orb.
     0 | D:1      | Reached XP level 1. HP: 18/18 MP: 1/1
   257 | D:1      | Found a white marble altar of Elyvilon.
   259 | D:1      | Found a deep blue altar of Sif Muna.
   259 | D:1      | Found an ancient bone altar of Kikubaaqudgha.
   261 | D:1      | Found a shimmering altar of Xom.
   261 | D:1      | Found an iron altar of Okawaru.
   261 | D:1      | Found a shimmering altar of Xom.
   327 | D:1      | Gained mutation: When hurt, damage is shared between your health and your magic reserves. [demonic ancestry]
   327 | D:1      | Reached XP level 2. HP: 15/24 MP: 2/2
   631 | D:2      | HP: 1/24 [adder (1)]
   634 | D:2      | Slain by an adder

Vault maps used:
D:1:      minmay_arrival_open_corners, minmay_stone_trees_small,
          doesnt_xom_only_xom
D:2:      first_ration, minmay_rat_hole

Skill      XL: |  1  2 |
---------------+-------+-----
Dodging        | 2 |  2.0
Axes           | 3 |  3.0
Fighting       | |  3.5
Armour         | |  1.8

Action                   || total
-------------------------++-------
Melee: Hand axe          ||    83
Armor: Leather armour    ||    33
Dodge: Dodged            ||    80

Table legend:
 A = Spawn XP
 B = Non-spawn XP
 C = Spawn XP percentage of total XP
 D = Spawn monster count
 E = Non-spawn monster count
 F = Spawn count percentage of total count
 G = Total turns spent on level
                    A         B        C        D         E        F      G
               +---------+---------+-------+---------+---------+-------+---------
         Total |       0 |      32 |   0.0 |       0 |      19 |   0.0 |   634
               +---------+---------+-------+---------+---------+-------+---------
           D:1 |       0 |      24 |   0.0 |       0 |      14 |   0.0 |   478
           D:2 |       0 |       8 |   0.0 |       0 |       5 |   0.0 |   156
               +---------+---------+-------+---------+---------+-------+---------
